 Dungeon Crawl Stone Soup version 0.30.0-19-g36f170ea60 (webtiles) character file.

Game seed: 17724600180418629910

2 Irreverend the Insei (level 1, -2/15 HPs)
             Began as a Demonspawn Transmuter on May 27, 2023.
             Slain by a gnoll
             ... wielding a +0 club
              (5 damage)
             ... on level 1 of the Dungeon.
             The game lasted 00:00:19 (48 turns).

Irreverend the Insei (Demonspawn Transmuter)          Turns: 48, Time: 00:00:19

Health: -2/15      AC:  2    Str: 10    XL:     1   Next: 33%
Magic:  2/3        EV: 12    Int: 14    God:
Gold:   17         SH:  0    Dex: 13    Spells: 3/4 levels left

rFire   . .          .
                       - Unarmed
rCold   . . .        (no shield)
rNeg    . . .        a - +0 robe
rPois   .            (helmet currently unavailable)
rElec   .            (no cloak)
rCorr   .            (no gloves)
SInv    .            (boots currently unavailable)
Will    .....        (no amulet)
Stlth   +            (no ring)
HPRegen 0.22/turn    (no ring)
MPRegen 0.08/turn

%: no passive effects
@: appendages (expiring)
A: horns 2, talons 2
a: End Transformation


You were on level 1 of the Dungeon.
You had temporarily grown beastly horns and talons.
You visited 1 branch of the dungeon, and saw 1 of its levels.

You collected 17 gold pieces.

Inventory:

Armour
 a - a +0 robe (worn)
Scrolls
 c - a scroll of fog {unknown}
Potions
 b - a potion of lignification


   Skills:
 + Level 1.0 Fighting
 + Level 1.8 Dodging
 * Level 2.7 Unarmed Combat
 - Level 2.0 Spellcasting
 + Level 1.8 Transmutations


You had 3 spell levels left.
You knew the following spells:

 Your Spells              Type           Power      Damage    Failure   Level
a - Beastly Appendage     Tmut           12%        N/A       11%         1

Your spell library contained the following spells:

 Spells                   Type           Power      Damage    Failure   Level
 Wereblood                Tmut           6%         N/A       17%         2
 Spider Form              Tmut/Pois      3%         N/A       43%         3
 Ice Form                 Ice/Tmut       3%         N/A       85%         4


Dungeon Overview and Level Annotations

Branches:
Dungeon (1/15)

Altars:


Innate Abilities, Weirdness & Mutations

You have temporarily grown beastly horns and talons.


Message History

You hit the hobgoblin but do no damage. You claw the hobgoblin.
The hobgoblin is heavily wounded.
The hobgoblin barely misses you.
You hit the hobgoblin but do no damage. Your kick misses the hobgoblin.
You punch the hobgoblin, but do no damage.
The hobgoblin is heavily wounded.
You hit the hobgoblin but do no damage. You claw the hobgoblin.
You kill the hobgoblin!
You see here a hobgoblin corpse.
You hit the endoplasm. You claw the endoplasm. You headbutt the endoplasm.
You kill the endoplasm!
Your horns disappear.
Your talons disappear.
c - a scroll labelled IWYREU ATAHYR Magic restored.
You see here a hobgoblin corpse.
You now have 17 gold pieces.
A gnoll comes into view. It is wielding a +0 club.
A gnoll is nearby!
Found 12 gold pieces.
Casting: Beastly Appendage (safe; 11% risk of failure)
Confirm with . or Enter, or press ? or * to list all spells.
You grow a pair of large bovine horns.
Your feet morph into talons.
You hit the gnoll. Your kick misses the gnoll.
The gnoll is lightly wounded.
The gnoll hits you with a +0 club.
You barely miss the gnoll. Your kick misses the gnoll.
The gnoll is lightly wounded.
Your transformation is almost over.
The gnoll hits you but does no damage.
You hit the gnoll.
The gnoll is heavily wounded.
The gnoll hits you with a +0 club.
You hit the gnoll but do no damage. You claw the gnoll, but do no damage.
The gnoll is heavily wounded.
The gnoll hits you with a +0 club.
* * * LOW HITPOINT WARNING * * *
You hit the gnoll. Your kick misses the gnoll. Your punch misses the gnoll.
The gnoll is severely wounded.
The gnoll hits you with a +0 club.
You die...

### #.. ....## ..... #.#
..... .....
###.##########..........
[.........#..#...#......
...........#[#...#......
..#.#.......##........$.
# #.#.#......#...g......
#.#.##.....##.@#
#.#⌠.......#...#
###.#######..#..##
...<............#
###.#######..#..# #.#
.....#†.# #.# #.....#..#
#.# #......#..# #.#
......##..#


You could see a gnoll.

Vanquished Creatures
  An endoplasm (D:1)
  A hobgoblin (D:1)
2 creatures vanquished.

Notes
Turn   | Place    | Note
-------+----------+-------------------------------------------
     0 | D:1      | Irreverend the Demonspawn Transmuter began the quest for
                  | the Orb.
     0 | D:1      | Reached XP level 1. HP: 15/15 MP: 3/3
    48 | D:1      | Slain by a gnoll

Illustrated notes

Levels and vault maps discovered:
D:1:      matt_arrival_grand_opening, layout_rooms, serial_park_tiny_2,
          minmay_misc_feat_more_columns

Action                     || total
---------------------------++-------
  Melee: Unarmed           ||    10
         Kick              ||     4
         Headbutt          ||     1
         Punch             ||     1
   Cast: Beastly Appendage ||     2
 Armour: Robe              ||     1
  Dodge: Dodged            ||     3
